 Dungeon Crawl Stone Soup version 0.32-a0-675-gdc239d62e1 (webtiles) character file.

Game seed: 11978419870801395911

20 Essalna the Digger (level 2, -3/15 HPs)
             Began as a Gargoyle Earth Elementalist on Mar 11, 2024.
             Slain by a ribbon worm (7 damage)
             ... on level 2 of the Dungeon.
             The game lasted 00:01:41 (1123 turns).

Essalna the Digger (Gargoyle Earth Elementalist)    Turns: 1123, Time: 00:01:41

Health: -3/15      AC:  4    Str: 11    XL:     2   Next: 79%
Magic:  1/5        EV: 11    Int: 15    God:
Gold:   26         SH:  0    Dex: 10    Spells: 4/5 levels left

rFire   . . .        c - staff of earth
rCold   . . .        (no shield)
rNeg    + . .        a - +0 robe
rPois   ∞            (no helmet)
rElec   +            (no cloak)
rCorr   .            (no gloves)
SInv    .            (no boots)
Will    .....        g - amulet of the acrobat
Stlth   ++           (no ring)
HPRegen 0.22/turn    (no ring)
MPRegen 0.09/turn

%: acrobat
@: no status effects
A: sickness immunity, AC +2, negative energy resistance 1, electricity
resistance, torment resistance 1, petrification resistance
a: no special abilities


You were on level 2 of the Dungeon.
You visited 1 branch of the dungeon, and saw 2 of its levels.

You collected 26 gold pieces.

Inventory:

Armour
 a - a +0 robe (worn)
Magical Staves
 c - a staff of earth (weapon)
Jewellery
 g - an amulet of the acrobat (around neck)
Scrolls
 h - a scroll of vulnerability {unknown}
Potions
 b - a potion of magic
 d - a potion of haste {unknown}
 e - a potion of enlightenment {unknown}
 f - a potion of brilliance {unknown}


   Skills:
 - Level 1.5 Dodging
 - Level 2.1 Stealth
 + Level 2.3 Spellcasting
 + Level 1.8 Conjurations
 + Level 4.0 Earth Magic


You had 4 spell levels left.
You knew the following spells:

 Your Spells              Type           Power      Damage    Failure   Level
a - Sandblast             Erth           42%        2d11      4%          1

Your spell library contained the following spells:

 Spells                   Type           Power      Damage    Failure   Level
 Passwall                 Erth           21%        N/A       12%         3
 Sting                    Conj/Alch      16%        1d4       14%         1
 Stone Arrow              Conj/Erth      32%        3d9       19%         3
 Ensorcelled Hibernation  Hex/Ice        2%         N/A       32%         2
 Mercury Vapours          Alch/Air       2%         N/A       32%         2
 Dazzling Flash           Conj/Hex       8%         N/A       41%         3
 Mephitic Cloud           Conj/Alch/Air  3%         N/A       45%         3
 Swiftness                Air            1%         N/A       54%         3
 Brom's Barrelling Bould  Conj/Erth      16%        2d4       54%         4
 Petrify                  Alch/Erth      11%        N/A       67%         4
 Ignite Poison            Fire/Alch      1%         N/A       91%         4
 Olgreb's Toxic Radiance  Alch           1%         N/A       91%         4
 Curse of Agony           Necr           1%         N/A       99%         5
 Freezing Cloud           Conj/Ice/Air   1%         6-21      99%         5
 Silence                  Hex/Air        0%         N/A       99%         5
 Cigotuvi's Dreadful Rot  Necr/Alch/Air  Unusable   N/A       N/A         2

Dungeon Overview and Level Annotations

Branches:
Dungeon (2/15)

Altars:

Shops:
D:1 *


Innate Abilities, Weirdness & Mutations

You are immune to sickness and miasma.
Your stone body is resilient. (AC +2)
You are immune to poison.
You resist negative energy. (rN+)
You are resistant to electric shocks. (rElec)
You are resistant to unholy torment.
You are immune to petrification.


Message History

The dart slug is lightly wounded.
The dart slug barely misses you. The dart slug closely misses you.
You climb upwards.
There is a stone staircase leading down here.
You feel a surge of power!
The blast of sand hits the dart slug!
The dart slug is almost dead.
The dart slug bites you.
You are out of magic!
You are out of magic!
You are out of magic!
You hit the dart slug.
You kill the dart slug!
Your magical contamination has completely faded away.
You see here a dart slug corpse.
You see here a dart slug corpse.
There is a stone staircase leading down here.
You climb downwards.
The ribbon worm bites you.
There is a stone staircase leading up here.
A ribbon worm is nearby!
You feel a surge of power!
The blast of sand hits the ribbon worm!
The ribbon worm is moderately wounded.
The ribbon worm bites you.
The ribbon worm expels a string of sticky webbing.
The stream of webbing hits you but does no damage.
You are caught in a web!
You are out of magic!
You are out of magic!
You are out of magic!
You hit the ribbon worm.
The ribbon worm is moderately wounded.
The ribbon worm bites you.
You hit the ribbon worm.
The ribbon worm is heavily wounded.
The ribbon worm bites you.
* * * LOW HITPOINT WARNING * * *
You hit the ribbon worm.
The ribbon worm is heavily wounded.
The ribbon worm bites you!
You die...

........
#.....####
+........
#...%.w#
.#......#
.........######
#.........w...#
#.......<####w#
#.#......# #@#
.........# ###
..........
..........
.........
...#.##..#


You could see a ribbon worm.

Vanquished Creatures
  2 dart slugs
  4 hobgoblins (D:1)
  2 bats (D:1)
  6 frilled lizards (D:1)
  2 kobolds (D:1)
  3 rats (D:1)
19 creatures vanquished.

Notes
Turn   | Place    | Note
-------+----------+-------------------------------------------
     0 | D:1      | Essalna the Gargoyle Earth Elementalist began the quest for
                  | the Orb.
     0 | D:1      | Reached XP level 1. HP: 10/10 MP: 3/3
   117 | D:1      | Found Mijeast's Assorted Antiques.
   378 | D:1      | Reached XP level 2. HP: 15/15 MP: 1/5
   702 | D:1      | Reached skill level 4 in Earth Magic
  1123 | D:2      | Slain by a ribbon worm

Illustrated notes

Levels and vault maps discovered:
D:1:      minmay_arrival_diagonal_passages, layout_basic, serial_shops, shop
D:2:      layout_basic, serial_shops, nicolae_shop_overgrown_old_shop,
          kennysheep_minor_cross, minmay_nonomino_d4

Skill      XL: |  1  2 |
---------------+-------+-----
Earth Magic    | 4 |  4.0
Dodging        | |  1.5
Stealth        | |  2.1
Spellcasting   | |  2.3
Conjurations   | |  1.8

Action                     || total
---------------------------++-------
  Melee: Staff             ||    11
   Cast: Sandblast         ||    24
 Armour: Robe              ||    16
  Dodge: Dodged            ||    12

Table legend: (Time is in decaauts)
 A = Elapsed time spent in this place.
 B = Non-inter-level travel time spent in this place.
 C = Inter-level travel time spent in this place.
 D = Time resting spent in this place.
 E = Time spent auto-exploring this place.
 F = Levels seen in this place.
 G = Mean time per level.
                   A        B        C        D        E       F      G
               +--------+--------+--------+--------+--------+-----+--------+
         Total |   1137 |   1130 |      7 |      0 |    995 |   2 |  568.5 |
       Dungeon |   1137 |   1130 |      7 |      0 |    995 |   2 |  568.5 |
               +--------+--------+--------+--------+--------+-----+--------+

Top non-repeatable levels by time:
     D:1: 1104 daAuts
     D:2: 32 daAuts
